 Dungeon Crawl Stone Soup version 0.17.1-1-g73c8601 (webtiles) character file.

469 dvd the Chiller (level 7, -2/42 HPs)
             Began as an Octopode Ice Elementalist on Dec 13, 2015.
             Slain by Elvalys's ghost (14 damage)
             ... on level 4 of the Dungeon.
             The game lasted 00:15:07 (5004 turns).

dvd the Chiller (Octopode Ice Elementalist)         Turns: 5004, Time: 00:15:07

Health: -2/42      AC:  7    Str:  7    XL:     7   Next: 9%
Magic:  0/13       EV: 13    Int: 19    God:
Gold:   120        SH:  0    Dex: 13    Spells: 3 memorised, 8 levels left

rFire  . . .     SeeInvis .     o - +1 rapier (speed)
rCold  . . .     Clarity  .     (no shield)
rNeg   . . .     SustAt   .     (helmet restricted)
rPois  .         Gourm    .     l - amulet of guardian spirit
rElec  .         Spirit   +     (no ring)
rCorr  .         Warding  .     (no ring)
rMut   .         Stasis   .     (no ring)
MR     .....                    (no ring)
Stlth  ++++......               (no ring)
                                (no ring)
                                (no ring)
                                (no ring)

@: icy armour, not resistant to hostile enchantments, stealthy
A: almost no armour, amphibious, 8 rings, constrict 8, camouflage 1, gelatinous
body 1
a: no special abilities


You were on level 4 of the Dungeon.
You were not hungry.

You visited 1 branch of the dungeon, and saw 4 of its levels.
You also visited: Sewer.

You collected 120 gold pieces.

Inventory:

Hand Weapons
 o - a +1 rapier of speed (weapon)
 w - a +0 mace
Jewellery
 l - an amulet of guardian spirit (around mantle)
Scrolls
 c - 3 scrolls of recharging {unknown}
 d - a scroll of remove curse {unknown}
 e - a scroll of fear {unknown}
 f - 4 scrolls of identify {unknown}
 h - 2 scrolls of immolation {unknown}
 i - 2 scrolls of random uselessness {unknown}
 m - a scroll of enchant armour {unknown}
 v - a scroll of magic mapping {unknown}
Potions
 j - a potion of brilliance {unknown}
 k - 2 potions of agility {unknown}
 p - 5 potions of heal wounds {unknown}
 q - a potion of poison {unknown}
 r - a potion of might {unknown}
 t - 4 potions of flight {unknown}
 u - 3 potions of curing {unknown}
Books
 a - a book of Frost

   Spells                             Type                      Level
   a - Freeze                         Ice                          1
   b - Throw Frost                    Conjuration/Ice              2
   c - Ozocubu's Armour               Charms/Ice                   3
   d - Throw Icicle                   Conjuration/Ice              4
   e - Summon Ice Beast               Ice/Summoning                4
   f - Condensation Shield            Ice                          4
Comestibles
 b - 3 bread rations
 g - 5 chunks of flesh
 n - a meat ration
 s - a slice of pizza


   Skills:
 + Level 0.8 Fighting
 + Level 1.3 Short Blades
 + Level 3.0 Dodging
 + Level 4.6 Stealth
 * Level 4.1 Spellcasting
 + Level 1.3 Conjurations
 + Level 1.1 Charms
 * Level 4.8 Ice Magic


You had 8 spell levels left.
You knew the following spells:

 Your Spells              Type           Power        Failure   Level  Hunger
a - Freeze                Ice            ###.         1%          1    None
b - Throw Frost           Conj/Ice       ###...       8%          2    ##.....
c - Ozocubu's Armour      Chrm/Ice       ###.....     12%         3    ###....


Dungeon Overview and Level Annotations

Branches:
Dungeon (4/15)
 Temple: D:4-7

Altars:

Annotations:
D:4 Elvalys's ghost, amateur GrFi


Innate Abilities, Weirdness & Mutations

You cannot wear most types of armour.
You are amphibious.
You can wear up to eight rings at the same time.
You can use your tentacles to constrict eight enemies at once.
Your skin changes colour to match your surroundings (Stealth).
Your rubbery body absorbs attacks (AC +1).


Message History

You squeeze Elvalys's ghost, but do no damage.
Elvalys's ghost is moderately damaged.
You hit Elvalys's ghost but do no damage.
You squeeze Elvalys's ghost, but do no damage.
Elvalys's ghost is moderately damaged.
Elvalys's ghost misses you.
You hit Elvalys's ghost.
Elvalys's ghost is moderately damaged.
Elvalys's ghost barely misses you.
You barely miss Elvalys's ghost. You squeeze Elvalys's ghost.
Elvalys's ghost is heavily damaged.
Elvalys's ghost hits you!
* * * LOW HITPOINT WARNING * * *
You hit Elvalys's ghost. You squeeze Elvalys's ghost.
Elvalys's ghost is severely damaged.
Unknown command.
You hit Elvalys's ghost but do no damage.
Elvalys's ghost is severely damaged.
Elvalys's ghost hits you!
You die...

.....# # ......## ##
.......## ###.
.......## ###...
#......### ###.....
#........####.......
##...............####
#..........#######
###..W@.....##
.............#
............##
...........##
...........#
.....?..$.##
..........#
.........## ........#


You could see Elvalys's ghost.

Vanquished Creatures
  2 big kobolds (Sewer)
  A hound (D:2)
  A worker ant (D:4)
  8 river rats
  5 adders
  2 oozes
  9 worms
  2 orcs (D:3)
  16 goblins
  10 hobgoblins
  8 jackals
  16 kobolds
  2 quokkas
  11 ball pythons
  8 bats
  3 giant cockroaches (D:3)
  3 giant newts (D:2)
  20 rats
127 creatures vanquished.

Notes
Turn   | Place    | Note
--------------------------------------------------------------
     0 | D:1      | dvd the Octopode Ice Elementalist began the quest for the Orb.
     0 | D:1      | Reached XP level 1. HP: 11/11 MP: 3/3
   275 | D:1      | Reached XP level 2. HP: 13/17 MP: 3/5
   424 | D:1      | Learned a level 2 spell: Throw Frost
  1146 | D:1      | Reached XP level 3. HP: 21/21 MP: 4/6
  1533 | D:1      | Learned a level 3 spell: Ozocubu's Armour
  2207 | D:2      | Reached skill level 4 in Ice Magic
  2211 | D:2      | Reached XP level 4. HP: 20/27 MP: 1/7
  3197 | D:3      | Reached XP level 5. HP: 20/31 MP: 0/9
  3631 | D:3      | Found a glowing drain.
  3643 | Sewer    | Entered a sewer
  3906 | Sewer    | Reached skill level 1 in Short Blades
  3906 | Sewer    | Reached XP level 6. HP: 20/36 MP: 3/11
  4333 | Sewer    | Reached skill level 1 in Charms
  4459 | Sewer    | Reached XP level 7. HP: 42/42 MP: 8/12
  4989 | D:4      | Noticed Elvalys's ghost (amateur GrFi)
  5004 | D:4      | Slain by Elvalys's ghost

Action                   |  1- 3 |  4- 6 |  7- 9 || total
-------------------------+-------+-------+-------++-------
Melee: Club              |    39 |    30 |       ||    69
       Unarmed           |     1 |       |       ||     1
       Rapier            |       |   116 |    18 ||   134
 Cast: Freeze            |    39 |    36 |     4 ||    79
       Throw Frost       |     2 |     6 |     2 ||    10
       Ozocubu's Armour  |       |    12 |     1 ||    13
 Stab: Sleeping          |     7 |     9 |     4 ||    20
  Eat: Chunk             |     4 |    10 |     1 ||    15
